Harfangs vs Saguenéens
(R1)
Created - 8 janvier 2017 at 19:08
Goals
|
| Harfangs |
2 |
2 |
1 |
5 |
| Saguenéens |
0 |
2 |
1 |
3 |
|
Shots
|
| Harfangs |
8 |
13 |
13 |
34 |
| Saguenéens |
5 |
23 |
6 |
34 |
|
1st period
1. Harfangs , Dennis Everberg 14 (Tomas Tatar, Brandon Pirri) at 16:51
2. Harfangs , Alex Killorn 17 (Roman Wick, Jean-Gabriel Pageau) at 17:29 (PP)
Penalties :
Mark Alt (BEA) for Hooking (Minor) at 6:56, Brandon Pirri (BEA) for Holding (Minor) at 9:08, Tim Kennedy (Chi) for Hooking (Minor) at 17:13, Juraj Mikus (Chi) for Kneeing (Minor) at 18:04
2nd period
3. Harfangs , Brian Lashoff 6 (Alex Killorn, Jean-Gabriel Pageau) at 0:14
4. Saguenéens , Tyler Kennedy 27 (Erik Haula, Tim Kennedy) at 5:25 (PP)
5. Saguenéens , Dalton Prout 3 (Luke Witkowski, Mason Raymond) at 10:33 (PP)
6. Harfangs , Calle Jarnkrok 8 (Dylan Olsen) at 16:35
Penalties :
Dylan Olsen (BEA) for Tripping (Minor) at 1:20, Dylan Olsen (BEA) for Hooking (Minor) at 4:01, Alex Killorn (BEA) for Roughing (Minor) at 5:44, Brandon Pirri (BEA) for Hooking (Minor) at 10:09, Spencer Machacek (Chi) for Tripping (Minor) at 13:51
3rd period
7. Harfangs , Brian Lashoff 7 (Jean-Gabriel Pageau, Alex Killorn) at 11:20 (PP)
8. Saguenéens , Tyler Pitlick 8 (Carl Hagelin, Rickard Rakell) at 12:19
Penalties :
Rickard Rakell (Chi) for Hooking (Minor) at 1:11, Alex Killorn (BEA) for Goalie Interference (Minor) at 3:36, Rhett Rakhshani (Chi) for Roughing (Minor) at 11:14, Brandon Pirri (BEA) for Hooking (Minor) at 14:06, Jean-Gabriel Pageau (BEA) for Hooking (Minor) at 19:19
Goalie Stats
Jeremy Duchesne (BEA), 31 saves from 34 shots - (0,912), W, 13-5-0, 60:00 minutes
Martin Jones (Chi), 29 saves from 34 shots - (0,853), L, 1-1-0, 60:00 minutes
Players Stats for Harfangs
Player Name G A P +/- PIM S H SB GA TA FO MP PP MP PK MP
------------------------------------------------------------------------------------
Alex Killorn 1 2 3 1 4 3 2 0 3 2 0/1 22:24 3:33 2:56
Brandon Pirri 0 1 1 1 6 0 0 1 0 0 2/9 15:51 2:31 1:02
Brenden Kichton 0 0 0 0 0 0 0 1 0 0 0/0 10:27 0:00 2:01
Brian Lashoff 2 0 2 1 0 5 2 1 0 2 0/0 30:30 3:48 8:59
Calle Jarnkrok 1 0 1 0 0 3 1 2 0 0 2/4 10:41 0:15 0:09
Cam Fowler 0 0 0 1 0 2 0 2 2 3 0/0 30:04 3:48 8:33
Dennis Everberg 1 0 1 1 0 2 1 1 0 1 0/1 14:12 2:31 0:00
Dylan Olsen 0 1 1 1 4 3 1 4 0 0 0/0 19:34 2:31 4:18
Emerson Etem 0 0 0 0 0 0 0 0 0 0 0/0 0:00 0:00 0:00
Jean-Gabriel Pageau 0 3 3 1 2 3 1 0 0 0 16/30 21:24 3:33 5:10
Joel Armia 0 0 0 0 0 0 1 0 0 2 1/1 11:05 0:15 0:00
John Macfarland 0 0 0 0 0 3 1 0 0 0 1/1 18:48 0:00 7:46
Mark Alt 0 0 0 1 2 1 2 1 0 0 0/0 20:34 2:31 4:53
Mike Hoffman 0 0 0 0 0 2 0 0 0 0 0/0 4:04 0:08 0:22
Petri Kontiola 0 0 0 0 0 1 0 0 0 0 4/12 12:28 0:00 8:01
Reid McNeill 0 0 0 0 0 0 0 0 0 1 0/0 8:55 0:00 0:00
Roman Wick 0 1 1 1 0 2 0 1 0 0 1/2 16:00 3:33 0:00
Tomas Tatar 0 1 1 1 0 4 1 0 2 0 1/1 18:28 2:38 3:18
Players Stats for Saguenéens
Player Name G A P +/- PIM S H SB GA TA FO MP PP MP PK MP
------------------------------------------------------------------------------------
Brendan Ranford 0 0 0 0 0 0 0 0 0 0 0/0 0:00 0:00 0:00
Brett Lebda 0 0 0 -2 0 0 2 2 0 2 0/0 27:37 7:49 3:14
Brody Sutter 0 0 0 0 0 0 0 0 0 0 0/0 0:00 0:00 0:00
Carl Hagelin 0 1 1 1 0 6 2 0 0 0 0/0 9:25 0:00 0:00
Craig Cunningham 0 0 0 0 0 2 0 0 1 0 0/0 7:30 0:00 0:57
Dalton Prout 1 0 1 1 0 2 1 0 0 0 0/0 22:13 6:33 3:05
Erik Haula 0 1 1 -1 0 3 3 0 0 0 14/25 22:22 8:04 1:46
Jerry D'Amigo 0 0 0 0 0 0 0 0 0 0 0/0 1:28 0:00 1:28
Juraj Mikus 0 0 0 -2 2 2 0 0 1 1 8/14 16:50 6:18 0:00
Justin Florek 0 0 0 0 0 0 0 0 0 0 0/0 0:28 0:12 0:00
Kevin Marshall 0 0 0 -2 0 2 0 1 1 1 0/0 27:37 7:49 3:14
Luke Witkowski 0 1 1 1 0 1 1 1 1 2 0/0 22:13 6:33 3:05
Mason Raymond 0 1 1 -2 0 5 4 1 1 0 5/6 24:17 7:58 3:36
Nick Mattson 0 0 0 0 0 0 0 0 0 0 0/0 2:26 0:00 0:00
Oscar Klefbom 0 0 0 -1 0 0 0 1 0 0 0/0 7:44 0:00 0:00
Rhett Rakhshani 0 0 0 0 2 1 1 0 1 0 0/1 6:32 0:00 0:00
Rickard Rakell 0 1 1 1 2 3 1 0 0 0 2/4 10:09 0:00 0:29
Roman Josi 0 0 0 -1 0 0 0 1 1 0 0/0 7:44 0:00 0:00
Sam Carrick 0 0 0 0 0 0 0 0 0 0 1/3 6:33 0:00 0:00
Spencer Machacek 0 0 0 -1 2 1 1 0 1 1 0/0 17:55 6:18 1:09
Teemu Pulkkinen 0 0 0 0 0 0 0 0 0 0 0/0 0:22 0:06 0:00
Tim Kennedy 0 1 1 -1 2 0 1 0 0 0 0/0 16:39 6:18 0:00
Trevor Van Riemsdyk 0 0 0 0 0 0 0 0 0 0 0/0 2:26 0:00 0:00
Tyler Kennedy 1 0 1 -2 0 4 0 3 3 0 4/9 23:41 7:52 3:13
Tyler Pitlick 1 0 1 1 0 2 1 1 0 0 0/0 9:25 0:00 0:00
3 Stars
1 - Brian Lashoff (BEA)
2 - Alex Killorn (BEA)
3 - Jean-Gabriel Pageau (BEA)
Power Play
Harfangs - 2 on 5 Attempt(s) - 40,00%
Saguenéens - 2 on 9 Attempt(s) - 22,22%
Penalty Kill
Harfangs - 7 on 9 Attempt(s) - 77,78%
- Score 0 goal in Penalty Kill
Saguenéens - 3 on 5 Attempt(s) - 60,00%
- Score 0 goal in Penalty Kill
Team Stat
Harfangs - Hits : 13 - Faceoff Wins : 28 - Blocked Shots : 14 - Penalty Minutes : 18
Saguenéens - Hits : 18 - Faceoff Wins : 34 - Blocked Shots : 11 - Penalty Minutes : 10
Official
Referees : Morton Dean and Furlatt Eric
Linesman : Scott Cherrey and Lyle Seitz
Game Notes
No Game Note
Finance
Level 1 -- Attendance: 1522 (76,10%) -- Ticket Income 60 880 $
Level 2 -- Attendance: 789 (78,90%) -- Ticket Income 15 780 $
Total Attendance: 2311 (77,03%)
Total Ticket Income: 76 660 $
Other Income: 3 833 $
Total Income: 80 493 $
Harfangs
5 vs 5 Forward
Center Left Wing Right Wing Time % Phy DF OF
1 Jean-Gabriel Pageau Alex Killorn Roman Wick 40 1 2 2
2 Brandon Pirri Tomas Tatar Dennis Everberg 30 1 2 2
3 Calle Jarnkrok John Macfarland Joel Armia 20 1 2 2
4 Petri Kontiola Mike Hoffman Alex Killorn 10 1 2 2
5 vs 5 Defense
Defense Defense Time % Phy DF OF
1 Brian Lashoff Cam Fowler 40 1 2 2
2 Dylan Olsen Mark Alt 30 1 2 2
3 Reid McNeill Brenden Kichton 20 1 2 2
4 Mark Alt Reid McNeill 10 1 2 2
PowerPlay Forward
Center Left Wing Right Wing Time % Phy DF OF
1 Jean-Gabriel Pageau Alex Killorn Roman Wick 60 1 2 2
2 Brandon Pirri Tomas Tatar Dennis Everberg 40 1 2 2
PowerPlay Defense
Defense Defense Time % Phy DF OF
1 Brian Lashoff Cam Fowler 60 1 2 2
2 Dylan Olsen Mark Alt 40 1 2 2
Penalty Kill 4 Players Forward
Center Wing Time % Phy DF OF
1 Petri Kontiola John Macfarland 60 1 2 2
2 Jean-Gabriel Pageau Alex Killorn 40 1 2 2
Penalty Kill 4 Players Defense
Defense Defense Time % Phy DF OF
1 Brian Lashoff Cam Fowler 60 1 2 2
2 Mark Alt Dylan Olsen 40 1 2 2
Penalty Kill - 3 Players Forward
Forward Time % Phy DF OF
1 Petri Kontiola 60 1 2 2
2 Jean-Gabriel Pageau 40 1 2 2
Penalty Kill - 3 Players Defense
Defense Defense Time % Phy DF OF
1 Brian Lashoff Cam Fowler 60 1 2 2
2 Mark Alt Dylan Olsen 40 1 2 2
4 vs 4 Forward
Center Wing Time % Phy DF OF
1 Jean-Gabriel Pageau Alex Killorn 60 1 2 2
2 Brandon Pirri Tomas Tatar 40 1 2 2
4 vs 4 Defense
Defense Defense Time % Phy DF OF
1 Brian Lashoff Cam Fowler 60 1 2 2
2 Dylan Olsen Mark Alt 40 1 2 2
Last Minutes Offensive
Center Left Wing Right Wing Defense Defense
Jean-Gabriel Pageau Alex Killorn Roman Wick Brian Lashoff Cam Fowler
Last Minutes Defensive
Center Left Wing Right Wing Defense Defense
Jean-Gabriel Pageau Alex Killorn Roman Wick Brian Lashoff Cam Fowler
Goaltenders
Starting : Jeremy Duchesne
Backup : Anton Forsberg
Extra Forwards
Normal : Alex Killorn, Tomas Tatar, Jean-Gabriel Pageau - PP : Alex Killorn, Tomas Tatar - PK : Petri Kontiola
Extra Defensemen
Normal : Brian Lashoff, Cam Fowler, Dylan Olsen - PP : Cam Fowler - PK : Brian Lashoff, Cam Fowler
Penalty Shots
Tomas Tatar, Brandon Pirri, Alex Killorn, Mike Hoffman, Petri Kontiola
Saguenéens
5 vs 5 Forward
Center Left Wing Right Wing Time % Phy DF OF
1 Erik Haula Mason Raymond Tyler Kennedy 40 1 2 2
2 Juraj Mikus Tim Kennedy Spencer Machacek 30 1 2 2
3 Rickard Rakell Carl Hagelin Tyler Pitlick 20 1 2 2
4 Sam Carrick Craig Cunningham Rhett Rakhshani 10 1 2 2
5 vs 5 Defense
Defense Defense Time % Phy DF OF
1 Brett Lebda Kevin Marshall 40 1 2 2
2 Dalton Prout Luke Witkowski 30 1 2 2
3 Roman Josi Oscar Klefbom 20 1 2 2
4 Nick Mattson Trevor Van Riemsdyk 10 1 2 2
PowerPlay Forward
Center Left Wing Right Wing Time % Phy DF OF
1 Erik Haula Mason Raymond Tyler Kennedy 60 1 2 2
2 Juraj Mikus Tim Kennedy Spencer Machacek 40 1 2 2
PowerPlay Defense
Defense Defense Time % Phy DF OF
1 Brett Lebda Kevin Marshall 60 1 2 2
2 Dalton Prout Luke Witkowski 40 1 2 2
Penalty Kill 4 Players Forward
Center Wing Time % Phy DF OF
1 Tyler Kennedy Mason Raymond 60 1 2 2
2 Spencer Machacek Erik Haula 40 1 2 2
Penalty Kill 4 Players Defense
Defense Defense Time % Phy DF OF
1 Brett Lebda Kevin Marshall 60 1 2 2
2 Dalton Prout Luke Witkowski 40 1 2 2
Penalty Kill - 3 Players Forward
Forward Time % Phy DF OF
1 Tyler Kennedy 60 1 2 2
2 Mason Raymond 40 1 2 2
Penalty Kill - 3 Players Defense
Defense Defense Time % Phy DF OF
1 Brett Lebda Kevin Marshall 60 1 2 2
2 Dalton Prout Luke Witkowski 40 1 2 2
4 vs 4 Forward
Center Wing Time % Phy DF OF
1 Tyler Kennedy Mason Raymond 60 1 2 2
2 Spencer Machacek Erik Haula 40 1 2 2
4 vs 4 Defense
Defense Defense Time % Phy DF OF
1 Brett Lebda Kevin Marshall 60 1 2 2
2 Dalton Prout Luke Witkowski 40 1 2 2
Last Minutes Offensive
Center Left Wing Right Wing Defense Defense
Erik Haula Mason Raymond Tyler Kennedy Brett Lebda Kevin Marshall
Last Minutes Defensive
Center Left Wing Right Wing Defense Defense
Erik Haula Mason Raymond Tyler Kennedy Brett Lebda Kevin Marshall
Goaltenders
Starting : Martin Jones
Backup : Mike Smith
Extra Forwards
Normal : Justin Florek, Teemu Pulkkinen, Jerry D'Amigo - PP : Justin Florek, Teemu Pulkkinen - PK : Jerry D'Amigo
Extra Defensemen
Normal : Roman Josi, Oscar Klefbom, Nick Mattson - PP : Roman Josi - PK : Oscar Klefbom, Nick Mattson
Penalty Shots
Tyler Kennedy, Mason Raymond, Spencer Machacek, Erik Haula, Tyler Pitlick
% Time on Ice - Harfangs
Lines # - Real PCT - Wanted PCT - Time Play
Normal Forward
1 - 36% - 40% - 14:00
2 - 30% - 30% - 11:50
3 - 26% - 20% - 10:02
4 - 9% - 10% - 3:27
Normal Defense
1 - 45% - 40% - 17:43
2 - 32% - 30% - 12:41
3 - 20% - 20% - 7:51
4 - 3% - 10% - 1:04
PP Forward
1 - 58% - 60% - 3:41
2 - 42% - 40% - 2:38
PP Defense
1 - 60% - 60% - 3:48
2 - 40% - 40% - 2:31
PK Forward
1 - 68% - 60% - 9:50
2 - 32% - 40% - 4:32
PK Defense
1 - 60% - 60% - 8:33
2 - 40% - 40% - 5:49
PK3 Forward
1 - 0% - 60%
2 - 0% - 40%
PK3 Defense
1 - 0% - 60%
2 - 0% - 40%
44 Forward
1 - 0% - 60%
2 - 0% - 40%
44 Defense
1 - 0% - 60%
2 - 0% - 40%
Last Minute Offensive - 0:00
Last Minute Defensive - 0:00
Total
Forward - 60:00
Defense - 60:00
|
% Time on Ice - Saguenéens
Lines # - Real PCT - Wanted PCT - Time Play
Normal Forward
1 - 33% - 40% - 12:59
2 - 26% - 30% - 10:22
3 - 24% - 20% - 9:25
4 - 17% - 10% - 6:33
Normal Defense
1 - 42% - 40% - 16:34
2 - 32% - 30% - 12:35
3 - 20% - 20% - 7:44
4 - 6% - 10% - 2:26
PP Forward
1 - 56% - 60% - 8:04
2 - 44% - 40% - 6:18
PP Defense
1 - 54% - 60% - 7:49
2 - 46% - 40% - 6:33
PK Forward
1 - 72% - 60% - 4:33
2 - 28% - 40% - 1:46
PK Defense
1 - 51% - 60% - 3:14
2 - 49% - 40% - 3:05
PK3 Forward
1 - 0% - 60%
2 - 0% - 40%
PK3 Defense
1 - 0% - 60%
2 - 0% - 40%
44 Forward
1 - 0% - 60%
2 - 0% - 40%
44 Defense
1 - 0% - 60%
2 - 0% - 40%
Last Minute Offensive - 0:00
Last Minute Defensive - 0:00
Total
Forward - 60:00
Defense - 60:00
|
Play by Play
1st period
0:01 of 1st period - Jean-Gabriel Pageau wins face-off versus Erik Haula in neutral zone.
0:16 of 1st period - Snap shot by Mason Raymond.
0:16 of 1st period - Shot Misses the Net.
0:33 of 1st period - Snap shot by Juraj Mikus.
0:33 of 1st period - Stopped by Jeremy Duchesne with a rebound.
0:35 of 1st period - Slapshot by Kevin Marshall.
0:35 of 1st period - Shot Blocked by Dennis Everberg.
0:49 of 1st period - Slapshot by Calle Jarnkrok.
0:49 of 1st period - Shot Misses the Net.
0:51 of 1st period - Slapshot by Cam Fowler.
0:51 of 1st period - Stopped by Martin Jones without a rebound.
0:52 of 1st period - Joel Armia wins face-off versus Sam Carrick in Saguenéens zone.
1:09 of 1st period - Slapshot by Joel Armia.
1:09 of 1st period - Shot Misses the Net.
1:20 of 1st period - Wrist shot by Joel Armia.
1:20 of 1st period - Shot Misses the Net.
1:22 of 1st period - Snap shot by Calle Jarnkrok.
1:22 of 1st period - Shot Blocked by Roman Josi.
1:46 of 1st period - Oscar Klefbom is hit by Joel Armia and loses puck.
2:12 of 1st period - Off-side.
2:13 of 1st period - Erik Haula wins face-off versus Jean-Gabriel Pageau in neutral zone.
2:39 of 1st period - Luke Witkowski is hit by Tomas Tatar and loses puck.
3:44 of 1st period - Snap shot by Carl Hagelin.
3:44 of 1st period - Shot Misses the Net.
4:13 of 1st period - Icing by Dennis Everberg.
4:14 of 1st period - Juraj Mikus wins face-off versus Brandon Pirri in Harfangs zone.
4:27 of 1st period - Snap shot by Spencer Machacek.
4:27 of 1st period - Shot Blocked by Dylan Olsen.
4:37 of 1st period - Mark Alt is hit by Carl Hagelin and loses puck.
4:48 of 1st period - Wrist shot by Brandon Pirri.
4:48 of 1st period - Shot Misses the Net.
6:50 of 1st period - Wrist shot by Craig Cunningham.
6:50 of 1st period - Stopped by Jeremy Duchesne with a rebound.
6:56 of 1st period - Minor Penalty to Mark Alt for Hooking.
6:57 of 1st period - John Macfarland wins face-off versus Erik Haula in Harfangs zone.
7:59 of 1st period - Snap shot by Alex Killorn.
7:59 of 1st period - Deflect By Jean-Gabriel Pageau.
7:59 of 1st period - Stopped by Martin Jones without a rebound.
8:00 of 1st period - Jean-Gabriel Pageau wins face-off versus Juraj Mikus in Saguenéens zone.
8:56 of 1st period - Penalty to Mark Alt is over, Mark Alt is back on ice.
9:08 of 1st period - Minor Penalty to Brandon Pirri for Holding.
9:09 of 1st period - Petri Kontiola wins face-off versus Erik Haula in Harfangs zone.
9:22 of 1st period - Snap shot by Tyler Kennedy.
9:22 of 1st period - Shot Misses the Net.
11:07 of 1st period - Icing by Tim Kennedy.
11:08 of 1st period - Penalty to Brandon Pirri is over, Brandon Pirri is back on ice.
11:08 of 1st period - Erik Haula wins face-off versus Jean-Gabriel Pageau in Saguenéens zone.
11:24 of 1st period - Tomas Tatar is hit by Tyler Pitlick and loses puck.
12:19 of 1st period - Jean-Gabriel Pageau is hit by Dalton Prout and loses puck.
12:48 of 1st period - Brian Lashoff is hit by Tim Kennedy and loses puck.
13:07 of 1st period - Slapshot by Petri Kontiola.
13:07 of 1st period - Stopped by Martin Jones with a rebound.
13:25 of 1st period - Mark Alt is hit by Rickard Rakell and loses puck.
13:30 of 1st period - Wrist shot by Carl Hagelin.
13:30 of 1st period - Stopped by Jeremy Duchesne with a rebound.
14:35 of 1st period - Off-side.
14:36 of 1st period - Jean-Gabriel Pageau wins face-off versus Rickard Rakell in neutral zone.
15:03 of 1st period - Slapshot by Dennis Everberg.
15:03 of 1st period - Shot Blocked by Brett Lebda.
15:05 of 1st period - Slapshot by Cam Fowler.
15:05 of 1st period - Shot Blocked by Tyler Kennedy.
15:39 of 1st period - Slapshot by Craig Cunningham.
15:39 of 1st period - Stopped by Jeremy Duchesne with a rebound.
16:04 of 1st period - Slapshot by Carl Hagelin.
16:04 of 1st period - Shot Blocked by Cam Fowler.
16:16 of 1st period - Slapshot by Cam Fowler.
16:16 of 1st period - Stopped by Martin Jones without a rebound.
16:17 of 1st period - Tyler Kennedy wins face-off versus Calle Jarnkrok in Saguenéens zone.
16:40 of 1st period - Erik Haula is hit by Mark Alt and loses puck.
16:45 of 1st period - Snap shot by Brandon Pirri.
16:45 of 1st period - Shot Blocked by Tyler Kennedy.
16:47 of 1st period - Wrist shot by Tomas Tatar.
16:47 of 1st period - Stopped by Martin Jones with a rebound.
16:51 of 1st period - Slapshot by Dennis Everberg.
16:51 of 1st period - Goal by Dennis Everberg - Harfangs : 1 - Saguenéens : 0.
16:52 of 1st period - Juraj Mikus wins face-off versus Roman Wick in neutral zone.
17:13 of 1st period - Minor Penalty to Tim Kennedy for Hooking.
17:14 of 1st period - Mason Raymond wins face-off versus Jean-Gabriel Pageau in Saguenéens zone.
17:19 of 1st period - Wrist shot by Tyler Kennedy.
17:19 of 1st period - Deflect By Mason Raymond.
17:19 of 1st period - Stopped by Jeremy Duchesne with a rebound.
17:29 of 1st period - Wrist shot by Alex Killorn.
17:29 of 1st period - Goal by Alex Killorn - Harfangs : 2 - Saguenéens : 0.
17:30 of 1st period - Erik Haula wins face-off versus Jean-Gabriel Pageau in neutral zone.
17:39 of 1st period - Tyler Kennedy is hit by Alex Killorn and loses puck.
18:04 of 1st period - Minor Penalty to Juraj Mikus for Kneeing.
18:05 of 1st period - Tyler Kennedy wins face-off versus Jean-Gabriel Pageau in Saguenéens zone.
18:35 of 1st period - Slapshot by Tomas Tatar.
18:35 of 1st period - Stopped by Martin Jones with a rebound.
Goals for this period are 2 for Harfangs vs 0 for Saguenéens.
Shots for this period are 8 for Harfangs vs 5 for Saguenéens.
2nd period
0:01 of 2nd period - Jean-Gabriel Pageau wins face-off versus Tyler Kennedy in neutral zone.
0:04 of 2nd period - Penalty to Juraj Mikus is over, Juraj Mikus is back on ice.
0:04 of 2nd period - Slapshot by Jean-Gabriel Pageau.
0:04 of 2nd period - Shot Blocked by Brett Lebda.
0:06 of 2nd period - Slapshot by Brian Lashoff.
0:06 of 2nd period - Stopped by Martin Jones with a rebound.
0:08 of 2nd period - Backhand shot by Brian Lashoff.
0:08 of 2nd period - Stopped by Martin Jones with a rebound.
0:10 of 2nd period - Slapshot by Alex Killorn.
0:10 of 2nd period - Shot Misses the Net.
0:12 of 2nd period - Slapshot by Brian Lashoff.
0:12 of 2nd period - Stopped by Martin Jones with a rebound.
0:14 of 2nd period - Slapshot by Brian Lashoff.
0:14 of 2nd period - Goal by Brian Lashoff - Harfangs : 3 - Saguenéens : 0.
0:15 of 2nd period - Jean-Gabriel Pageau wins face-off versus Erik Haula in neutral zone.
1:12 of 2nd period - Snap shot by Tyler Pitlick.
1:12 of 2nd period - Shot Blocked by Dylan Olsen.
1:14 of 2nd period - Snap shot by Rickard Rakell.
1:14 of 2nd period - Deflect By Carl Hagelin.
1:14 of 2nd period - Stopped by Jeremy Duchesne with a rebound.
1:20 of 2nd period - Minor Penalty to Dylan Olsen for Tripping.
1:21 of 2nd period - Petri Kontiola wins face-off versus Erik Haula in Harfangs zone.
1:36 of 2nd period - Slapshot by Cam Fowler.
1:36 of 2nd period - Shot Blocked by Kevin Marshall.
3:07 of 2nd period - Kevin Marshall is hit by Brian Lashoff and loses puck.
3:20 of 2nd period - Penalty to Dylan Olsen is over, Dylan Olsen is back on ice.
3:20 of 2nd period - Cam Fowler is hit by Erik Haula and loses puck.
3:37 of 2nd period - Wrist shot by Tyler Pitlick.
3:37 of 2nd period - Stopped by Jeremy Duchesne without a rebound.
3:38 of 2nd period - Calle Jarnkrok wins face-off versus Rickard Rakell in Harfangs zone.
4:01 of 2nd period - Minor Penalty to Dylan Olsen for Hooking.
4:02 of 2nd period - Erik Haula wins face-off versus Petri Kontiola in Harfangs zone.
4:03 of 2nd period - Slapshot by Tyler Kennedy.
4:03 of 2nd period - Shot Misses the Net.
4:05 of 2nd period - Wrist shot by Erik Haula.
4:05 of 2nd period - Shot Blocked by Brian Lashoff.
4:11 of 2nd period - Slapshot by Tyler Kennedy.
4:11 of 2nd period - Deflect By Mason Raymond.
4:11 of 2nd period - Stopped by Jeremy Duchesne without a rebound.
4:12 of 2nd period - Erik Haula wins face-off versus Petri Kontiola in Harfangs zone.
4:27 of 2nd period - Slapshot by Kevin Marshall.
4:27 of 2nd period - Stopped by Jeremy Duchesne without a rebound.
4:28 of 2nd period - Erik Haula wins face-off versus Petri Kontiola in Harfangs zone.
5:25 of 2nd period - Snap shot by Tyler Kennedy.
5:25 of 2nd period - Goal by Tyler Kennedy - Harfangs : 3 - Saguenéens : 1.
5:26 of 2nd period - Jean-Gabriel Pageau wins face-off versus Erik Haula in neutral zone.
5:31 of 2nd period - Snap shot by Cam Fowler.
5:31 of 2nd period - Shot Misses the Net.
5:33 of 2nd period - Slapshot by Jean-Gabriel Pageau.
5:33 of 2nd period - Stopped by Martin Jones without a rebound.
5:34 of 2nd period - Erik Haula wins face-off versus Jean-Gabriel Pageau in Saguenéens zone.
5:34 of 2nd period - Erik Haula is hit by Brian Lashoff.
5:42 of 2nd period - Slapshot by Tyler Kennedy.
5:42 of 2nd period - Shot Misses the Net.
5:44 of 2nd period - Minor Penalty to Alex Killorn for Roughing.
5:45 of 2nd period - Petri Kontiola wins face-off versus Erik Haula in Harfangs zone.
5:45 of 2nd period - Petri Kontiola is hit by Mason Raymond.
5:57 of 2nd period - Wrist shot by Petri Kontiola.
5:57 of 2nd period - Shot Blocked by Tyler Kennedy.
5:59 of 2nd period - Snap shot by Cam Fowler.
5:59 of 2nd period - Shot Misses the Net.
6:01 of 2nd period - Wrist shot by John Macfarland.
6:01 of 2nd period - Stopped by Martin Jones without a rebound.
6:02 of 2nd period - Petri Kontiola wins face-off versus Juraj Mikus in Saguenéens zone.
6:11 of 2nd period - Wrist shot by Juraj Mikus.
6:11 of 2nd period - Stopped by Jeremy Duchesne with a rebound.
6:17 of 2nd period - Wrist shot by Juraj Mikus.
6:17 of 2nd period - Shot Misses the Net.
6:27 of 2nd period - Brian Lashoff is hit by Erik Haula and loses puck.
6:50 of 2nd period - Slapshot by Dylan Olsen.
6:50 of 2nd period - Stopped by Martin Jones without a rebound.
6:51 of 2nd period - Jean-Gabriel Pageau wins face-off versus Juraj Mikus in Saguenéens zone.
7:44 of 2nd period - Penalty to Alex Killorn is over, Alex Killorn is back on ice.
7:55 of 2nd period - Wrist shot by Carl Hagelin.
7:55 of 2nd period - Shot Misses the Net.
8:21 of 2nd period - Brian Lashoff is hit by Rhett Rakhshani and loses puck.
8:25 of 2nd period - Icing by Cam Fowler.
8:26 of 2nd period - Mason Raymond wins face-off versus Dennis Everberg in Harfangs zone.
8:27 of 2nd period - Wrist shot by Tyler Kennedy.
8:27 of 2nd period - Stopped by Jeremy Duchesne with a rebound.
8:29 of 2nd period - Snap shot by Erik Haula.
8:29 of 2nd period - Stopped by Jeremy Duchesne without a rebound.
8:30 of 2nd period - Tyler Kennedy wins face-off versus Jean-Gabriel Pageau in Harfangs zone.
8:45 of 2nd period - Mark Alt is hit by Erik Haula and loses puck.
9:58 of 2nd period - Tomas Tatar is hit by Mason Raymond and loses puck.
10:09 of 2nd period - Minor Penalty to Brandon Pirri for Hooking.
10:10 of 2nd period - Erik Haula wins face-off versus Petri Kontiola in Harfangs zone.
10:11 of 2nd period - Slapshot by Tyler Kennedy.
10:11 of 2nd period - Stopped by Jeremy Duchesne with a rebound.
10:19 of 2nd period - Wrist shot by Erik Haula.
10:19 of 2nd period - Stopped by Jeremy Duchesne without a rebound.
10:20 of 2nd period - Mason Raymond wins face-off versus Petri Kontiola in Harfangs zone.
10:29 of 2nd period - Snap shot by Mason Raymond.
10:29 of 2nd period - Stopped by Jeremy Duchesne with a rebound.
10:31 of 2nd period - Slapshot by Luke Witkowski.
10:31 of 2nd period - Shot Misses the Net.
10:33 of 2nd period - Slapshot by Dalton Prout.
10:33 of 2nd period - Goal by Dalton Prout - Harfangs : 3 - Saguenéens : 2.
10:34 of 2nd period - Jean-Gabriel Pageau wins face-off versus Erik Haula in neutral zone.
10:41 of 2nd period - Slapshot by Alex Killorn.
10:41 of 2nd period - Shot Misses the Net.
11:28 of 2nd period - Wrist shot by Craig Cunningham.
11:28 of 2nd period - Shot Blocked by Dylan Olsen.
11:30 of 2nd period - Wrist shot by Rhett Rakhshani.
11:30 of 2nd period - Stopped by Jeremy Duchesne with a rebound.
11:44 of 2nd period - Snap shot by Erik Haula.
11:44 of 2nd period - Stopped by Jeremy Duchesne with a rebound.
11:56 of 2nd period - Snap shot by Carl Hagelin.
11:56 of 2nd period - Shot Blocked by Brandon Pirri.
11:58 of 2nd period - Snap shot by Rickard Rakell.
11:58 of 2nd period - Deflect By Dennis Everberg.
11:58 of 2nd period - Stopped by Jeremy Duchesne with a rebound.
12:00 of 2nd period - Snap shot by Carl Hagelin.
12:00 of 2nd period - Shot Blocked by Mark Alt.
12:02 of 2nd period - Wrist shot by Carl Hagelin.
12:02 of 2nd period - Stopped by Jeremy Duchesne with a rebound.
12:04 of 2nd period - Snap shot by Carl Hagelin.
12:04 of 2nd period - Stopped by Jeremy Duchesne with a rebound.
12:06 of 2nd period - Wrist shot by Rickard Rakell.
12:06 of 2nd period - Stopped by Jeremy Duchesne with a rebound.
12:08 of 2nd period - Wrist shot by Rickard Rakell.
12:08 of 2nd period - Shot Misses the Net.
12:22 of 2nd period - Wrist shot by Petri Kontiola.
12:22 of 2nd period - Shot Blocked by Luke Witkowski.
12:44 of 2nd period - Slapshot by Mason Raymond.
12:44 of 2nd period - Shot Blocked by Calle Jarnkrok.
12:46 of 2nd period - Slapshot by Dalton Prout.
12:46 of 2nd period - Shot Blocked by Calle Jarnkrok.
12:48 of 2nd period - Snap shot by Mason Raymond.
12:48 of 2nd period - Shot Blocked by Brenden Kichton.
12:50 of 2nd period - Slapshot by Luke Witkowski.
12:50 of 2nd period - Stopped by Jeremy Duchesne with a rebound.
12:52 of 2nd period - Snap shot by Dalton Prout.
12:52 of 2nd period - Stopped by Jeremy Duchesne without a rebound.
12:53 of 2nd period - Erik Haula wins face-off versus Brandon Pirri in Harfangs zone.
13:16 of 2nd period - Kevin Marshall is hit by Alex Killorn and loses puck.
13:25 of 2nd period - Slapshot by Alex Killorn.
13:25 of 2nd period - Shot Misses the Net.
13:43 of 2nd period - Snap shot by Calle Jarnkrok.
13:43 of 2nd period - Shot Misses the Net.
13:45 of 2nd period - Wrist shot by John Macfarland.
13:45 of 2nd period - Stopped by Martin Jones with a rebound.
13:51 of 2nd period - Minor Penalty to Spencer Machacek for Tripping.
13:52 of 2nd period - Jean-Gabriel Pageau wins face-off versus Tyler Kennedy in Saguenéens zone.
13:53 of 2nd period - Slapshot by Alex Killorn.
13:53 of 2nd period - Deflect By Tyler Kennedy.
13:53 of 2nd period - Shot Blocked by Mason Raymond.
13:53 of 2nd period - Puck is out of play.
13:54 of 2nd period - Tyler Kennedy wins face-off versus Jean-Gabriel Pageau in Saguenéens zone.
14:09 of 2nd period - Wrist shot by Alex Killorn.
14:09 of 2nd period - Shot Misses the Net.
15:46 of 2nd period - Luke Witkowski is hit by Calle Jarnkrok and loses puck.
15:51 of 2nd period - Penalty to Spencer Machacek is over, Spencer Machacek is back on ice.
15:55 of 2nd period - Wrist shot by Mike Hoffman.
15:55 of 2nd period - Stopped by Martin Jones with a rebound.
15:57 of 2nd period - Snap shot by Mike Hoffman.
15:57 of 2nd period - Stopped by Martin Jones without a rebound.
15:58 of 2nd period - Calle Jarnkrok wins face-off versus Juraj Mikus in Saguenéens zone.
16:03 of 2nd period - Slapshot by Calle Jarnkrok.
16:03 of 2nd period - Stopped by Martin Jones with a rebound.
16:05 of 2nd period - Snap shot by John Macfarland.
16:05 of 2nd period - Stopped by Martin Jones without a rebound.
16:06 of 2nd period - Juraj Mikus wins face-off versus Calle Jarnkrok in Saguenéens zone.
16:35 of 2nd period - Snap shot by Calle Jarnkrok.
16:35 of 2nd period - Goal by Calle Jarnkrok - Harfangs : 4 - Saguenéens : 2.
16:36 of 2nd period - Erik Haula wins face-off versus Alex Killorn in neutral zone.
17:10 of 2nd period - Slapshot by Kevin Marshall.
17:10 of 2nd period - Shot Hit the Post.
17:12 of 2nd period - Slapshot by Tyler Kennedy.
17:12 of 2nd period - Deflect By Mason Raymond.
17:12 of 2nd period - Shot Misses the Net.
17:12 of 2nd period - Puck is out of play.
17:13 of 2nd period - Brandon Pirri wins face-off versus Juraj Mikus in Harfangs zone.
17:47 of 2nd period - Off-side.
17:48 of 2nd period - Mason Raymond wins face-off versus Jean-Gabriel Pageau in neutral zone.
17:59 of 2nd period - Snap shot by Mason Raymond.
17:59 of 2nd period - Shot Blocked by Cam Fowler.
18:01 of 2nd period - Slapshot by Dalton Prout.
18:01 of 2nd period - Shot Misses the Net.
18:03 of 2nd period - Wrist shot by Tyler Kennedy.
18:03 of 2nd period - Deflect By Mason Raymond.
18:03 of 2nd period - Stopped by Jeremy Duchesne without a rebound.
18:04 of 2nd period - Juraj Mikus wins face-off versus Brandon Pirri in Harfangs zone.
18:09 of 2nd period - Wrist shot by Spencer Machacek.
18:09 of 2nd period - Stopped by Jeremy Duchesne with a rebound.
18:29 of 2nd period - Alex Killorn is hit by Mason Raymond and loses puck.
19:36 of 2nd period - Wrist shot by Tyler Kennedy.
19:36 of 2nd period - Stopped by Jeremy Duchesne with a rebound.
19:38 of 2nd period - Slapshot by Tyler Kennedy.
19:38 of 2nd period - Shot Blocked by Dylan Olsen.
19:47 of 2nd period - Off-side.
19:48 of 2nd period - Sam Carrick wins face-off versus Jean-Gabriel Pageau in neutral zone.
Goals for this period are 2 for Harfangs vs 2 for Saguenéens.
Shots for this period are 13 for Harfangs vs 23 for Saguenéens.
3rd period
0:01 of 3rd period - Jean-Gabriel Pageau wins face-off versus Erik Haula in neutral zone.
0:01 of 3rd period - Jean-Gabriel Pageau is hit by Mason Raymond.
0:15 of 3rd period - Slapshot by Brett Lebda.
0:15 of 3rd period - Deflect By Mason Raymond.
0:15 of 3rd period - Shot Misses the Net.
0:15 of 3rd period - Puck is out of play.
0:16 of 3rd period - Juraj Mikus wins face-off versus Brandon Pirri in Harfangs zone.
1:11 of 3rd period - Minor Penalty to Rickard Rakell for Hooking.
1:12 of 3rd period - Jean-Gabriel Pageau wins face-off versus Tyler Kennedy in Saguenéens zone.
1:28 of 3rd period - Brian Lashoff is hit by Brett Lebda and loses puck.
1:41 of 3rd period - Slapshot by Brian Lashoff.
1:41 of 3rd period - Deflect By Tomas Tatar.
1:41 of 3rd period - Stopped by Martin Jones with a rebound.
1:43 of 3rd period - Wrist shot by Brandon Pirri.
1:43 of 3rd period - Shot Misses the Net.
2:17 of 3rd period - Dennis Everberg is hit by Luke Witkowski and loses puck.
2:41 of 3rd period - Jean-Gabriel Pageau is hit by Brett Lebda and loses puck.
3:11 of 3rd period - Penalty to Rickard Rakell is over, Rickard Rakell is back on ice.
3:36 of 3rd period - Minor Penalty to Alex Killorn for Goalie Interference.
3:37 of 3rd period - Juraj Mikus wins face-off versus Petri Kontiola in Harfangs zone.
5:22 of 3rd period - Tyler Kennedy is hit by Dylan Olsen and loses puck.
5:36 of 3rd period - Penalty to Alex Killorn is over, Alex Killorn is back on ice.
5:47 of 3rd period - Snap shot by Rickard Rakell.
5:47 of 3rd period - Shot Misses the Net.
6:01 of 3rd period - Slapshot by Alex Killorn.
6:01 of 3rd period - Shot Hit the Post.
6:03 of 3rd period - Backhand shot by Dylan Olsen.
6:03 of 3rd period - Shot Blocked by Oscar Klefbom.
6:05 of 3rd period - Slapshot by Dylan Olsen.
6:05 of 3rd period - Stopped by Martin Jones with a rebound.
6:07 of 3rd period - Snap shot by Dylan Olsen.
6:07 of 3rd period - Shot Misses the Net.
6:09 of 3rd period - Slapshot by Dylan Olsen.
6:09 of 3rd period - Stopped by Martin Jones without a rebound.
6:10 of 3rd period - Rickard Rakell wins face-off versus Brandon Pirri in Saguenéens zone.
6:17 of 3rd period - Tomas Tatar is hit by Carl Hagelin and loses puck.
6:33 of 3rd period - Off-side.
6:34 of 3rd period - Jean-Gabriel Pageau wins face-off versus Sam Carrick in neutral zone.
6:45 of 3rd period - Wrist shot by Alex Killorn.
6:45 of 3rd period - Stopped by Martin Jones with a rebound.
7:42 of 3rd period - Wrist shot by John Macfarland.
7:42 of 3rd period - Shot Misses the Net.
7:44 of 3rd period - Snap shot by Roman Wick.
7:44 of 3rd period - Stopped by Martin Jones with a rebound.
7:46 of 3rd period - Wrist shot by Roman Wick.
7:46 of 3rd period - Stopped by Martin Jones without a rebound.
7:47 of 3rd period - Mason Raymond wins face-off versus Jean-Gabriel Pageau in Saguenéens zone.
7:47 of 3rd period - Mason Raymond is hit by Mark Alt.
8:17 of 3rd period - Wrist shot by Carl Hagelin.
8:17 of 3rd period - Stopped by Jeremy Duchesne with a rebound.
8:19 of 3rd period - Slapshot by Roman Josi.
8:19 of 3rd period - Shot Blocked by Roman Wick.
8:25 of 3rd period - Snap shot by Rickard Rakell.
8:25 of 3rd period - Stopped by Jeremy Duchesne without a rebound.
8:26 of 3rd period - Brandon Pirri wins face-off versus Juraj Mikus in Harfangs zone.
8:31 of 3rd period - Juraj Mikus is hit by Dennis Everberg and loses puck.
9:47 of 3rd period - Slapshot by Dennis Everberg.
9:47 of 3rd period - Stopped by Martin Jones with a rebound.
9:53 of 3rd period - Wrist shot by Tomas Tatar.
9:53 of 3rd period - Stopped by Martin Jones without a rebound.
9:54 of 3rd period - Jean-Gabriel Pageau wins face-off versus Mason Raymond in Saguenéens zone.
9:55 of 3rd period - Snap shot by Alex Killorn.
9:55 of 3rd period - Stopped by Martin Jones without a rebound.
9:56 of 3rd period - Jean-Gabriel Pageau wins face-off versus Erik Haula in Saguenéens zone.
9:59 of 3rd period - Slapshot by Alex Killorn.
9:59 of 3rd period - Shot Misses the Net.
10:01 of 3rd period - Slapshot by Mark Alt.
10:01 of 3rd period - Shot Misses the Net.
10:03 of 3rd period - Slapshot by Mark Alt.
10:03 of 3rd period - Stopped by Martin Jones with a rebound.
10:05 of 3rd period - Slapshot by Dylan Olsen.
10:05 of 3rd period - Shot Misses the Net.
11:08 of 3rd period - Wrist shot by Calle Jarnkrok.
11:08 of 3rd period - Shot Misses the Net.
11:14 of 3rd period - Minor Penalty to Rhett Rakhshani for Roughing.
11:15 of 3rd period - Jean-Gabriel Pageau wins face-off versus Tyler Kennedy in Saguenéens zone.
11:18 of 3rd period - Wrist shot by Jean-Gabriel Pageau.
11:18 of 3rd period - Stopped by Martin Jones with a rebound.
11:20 of 3rd period - Backhand shot by Brian Lashoff.
11:20 of 3rd period - Goal by Brian Lashoff - Harfangs : 5 - Saguenéens : 2.
11:21 of 3rd period - Roman Wick wins face-off versus Tyler Kennedy in neutral zone.
12:19 of 3rd period - Snap shot by Tyler Pitlick.
12:19 of 3rd period - Goal by Tyler Pitlick - Harfangs : 5 - Saguenéens : 3.
12:20 of 3rd period - Jean-Gabriel Pageau wins face-off versus Erik Haula in neutral zone.
12:35 of 3rd period - Wrist shot by Jean-Gabriel Pageau.
12:35 of 3rd period - Deflect By Alex Killorn.
12:35 of 3rd period - Shot Misses the Net.
12:35 of 3rd period - Puck is out of play.
12:36 of 3rd period - Juraj Mikus wins face-off versus Brandon Pirri in Saguenéens zone.
12:43 of 3rd period - Slapshot by Kevin Marshall.
12:43 of 3rd period - Stopped by Jeremy Duchesne with a rebound.
13:31 of 3rd period - Snap shot by Calle Jarnkrok.
13:31 of 3rd period - Stopped by Martin Jones without a rebound.
13:32 of 3rd period - Erik Haula wins face-off versus Jean-Gabriel Pageau in Saguenéens zone.
13:37 of 3rd period - Wrist shot by Mason Raymond.
13:37 of 3rd period - Stopped by Jeremy Duchesne without a rebound.
13:38 of 3rd period - Erik Haula wins face-off versus Jean-Gabriel Pageau in Harfangs zone.
14:06 of 3rd period - Minor Penalty to Brandon Pirri for Hooking.
14:07 of 3rd period - Erik Haula wins face-off versus Petri Kontiola in Harfangs zone.
14:19 of 3rd period - Slapshot by Brett Lebda.
14:19 of 3rd period - Shot Misses the Net.
15:16 of 3rd period - Icing by Spencer Machacek.
15:17 of 3rd period - Juraj Mikus wins face-off versus Jean-Gabriel Pageau in Saguenéens zone.
15:17 of 3rd period - Juraj Mikus is hit by Jean-Gabriel Pageau.
16:05 of 3rd period - Jean-Gabriel Pageau is hit by Spencer Machacek and loses puck.
16:06 of 3rd period - Penalty to Brandon Pirri is over, Brandon Pirri is back on ice.
16:25 of 3rd period - Icing by Roman Josi.
16:26 of 3rd period - Tomas Tatar wins face-off versus Rhett Rakhshani in Saguenéens zone.
16:53 of 3rd period - Carl Hagelin is hit by John Macfarland and loses puck.
17:00 of 3rd period - Snap shot by Calle Jarnkrok.
17:00 of 3rd period - Shot Misses the Net.
17:02 of 3rd period - Wrist shot by Calle Jarnkrok.
17:02 of 3rd period - Shot Misses the Net.
17:04 of 3rd period - Wrist shot by Calle Jarnkrok.
17:04 of 3rd period - Shot Blocked by Tyler Pitlick.
18:43 of 3rd period - Icing by Mason Raymond.
18:44 of 3rd period - Rickard Rakell wins face-off versus Brandon Pirri in Saguenéens zone.
18:49 of 3rd period - Wrist shot by Carl Hagelin.
18:49 of 3rd period - Stopped by Jeremy Duchesne with a rebound.
19:09 of 3rd period - Snap shot by Juraj Mikus.
19:09 of 3rd period - Shot Misses the Net.
19:13 of 3rd period - Wrist shot by Spencer Machacek.
19:13 of 3rd period - Shot Misses the Net.
19:19 of 3rd period - Minor Penalty to Jean-Gabriel Pageau for Hooking.
19:20 of 3rd period - Erik Haula wins face-off versus Petri Kontiola in Harfangs zone.
Goals for this period are 1 for Harfangs vs 1 for Saguenéens.
Shots for this period are 13 for Harfangs vs 6 for Saguenéens.
Back to the Top